 Dungeon Sprint DCSS version 0.18-a0-1180-g64ccc1e (console) character file.

1561 sorlin the Bludgeoner (level 8, -4/98 HPs)
             Began as an Ogre Gladiator on Jan 28, 2016.
             Was a Believer of Okawaru.
             Slain by a redback (7 damage)
             ... in the Dungeon (Sprint III: "The Ten Rune Challenge").
             The game lasted 00:05:36 (1233 turns).

sorlin the Bludgeoner (Ogre Gladiator)              Turns: 1233, Time: 00:05:36

Health: -4/98      AC:  3    Str: 23    XL:     8   Next: 89%
Magic:  7/9        EV: 15    Int:  7    God:    Okawaru [**....]
Gold:   35         SH:  0    Dex: 10    Spells: 1 memorised, 6 levels left

rFire  . . .     SeeInvis .     a - +0 giant spiked club
rCold  . . .     Gourm    .     b - +0 robe
rNeg   . . .     Faith    .     (shield currently unavailable)
rPois  .         Spirit   .     c - +0 hat
rElec  .         Dismiss  .     (no cloak)
rCorr  .         Reflect  .     (gloves unavailable)
SustAt .         Harm     .     (boots unavailable)
MR     .....     NoTele   +     (no amulet)
Stlth  ++........               (no ring)
                                (no ring)

@: lethally poisoned (-4 -> -61), heroism, not resistant to hostile
enchantments, unstealthy
A: unfitting armour, tough skin 1
a: Heroism, Renounce Religion


You were in the Dungeon.
You worshipped Okawaru.
Okawaru was pleased with you.
You were not hungry.

You visited 1 branch You collected 35 gold pieces.

Inventory:

Hand Weapons
 a - a +0 giant spiked club (weapon)
Armour
 b - a +0 robe (worn)
 c - a +0 hat (worn)
Wands
 l - a wand of invisibility (5/9)
Scrolls
 k - a scroll of blinking
 n - 2 scrolls of torment {unknown}
 o - 3 scrolls of identify
 p - 2 scrolls of remove curse {unknown}
Potions
 d - a potion of berserk rage
 i - 2 potions of magic
 m - 2 potions of mutation {unknown}
 r - 2 potions of cure mutation {unknown}
 s - a potion of brilliance {unknown}
 t - a potion of flight {unknown}
Books
 j - a book of Debilitation

   Spells                             Type                      Level
   a - Corona                         Hexes                        1
   b - Slow                           Hexes                        2
   c - Gell's Gravitas                Hexes/Translocation          3
   d - Inner Flame                    Hexes/Fire                   3
   e - Cause Fear                     Hexes                        4
   f - Leda's Liquefaction            Hexes/Earth                  4
 u - a book of Clouds

   Spells                             Type                      Level
   a - Mephitic Cloud                 Conjuration/Poison/Air       3
   b - Conjure Flame                  Conjuration/Fire             3
   c - Poisonous Cloud                Conjuration/Poison/Air       6
   d - Freezing Cloud                 Conjuration/Ice/Air          6
   e - Ring of Flames                 Charms/Fire                  7
Comestibles
 f - 2 bread rations
 q - 3 royal jellies


   Skills:
 * Level 12.0(17.0) Fighting
 + Level 16.9(21.9) Maces & Flails
 - Level 2.0(7.0) Throwing
 * Level 8.9(13.9) Dodging
 * Level 2.7 Hexes
 - Level 1.8 Invocations


You had 6 spell levels left.
You knew the following spells:

 Your Spells              Type           Power        Failure   Level  Hunger
a - Corona                Hex            #......      17%         1    ##.....


Dungeon Overview and Level Annotations

Branches:
Dungeon (1/1)

Altars:
Cheibriados
Dithmenos
Elyvilon
Fedhas
Gozag
Kikubaaqudgha
Makhleb
Nemelex Xobeh
Okawaru
Pakellas
Qazlal
Ru
Sif Muna
Trog
Vehumet
Xom
Yredelemnul
Zin
The Shining One
Jiyva
Lugonu

Annotations:
D Erolcha


Innate Abilities, Weirdness & Mutations

You are too large for most types of armour.
You have tough skin (AC +1).


Message History

You feel much better.
You feel very sick. The redback completely misses you.
You gain the combat prowess of a mighty hero.
You feel slightly more hungry.
You feel sick. The redback closely misses you. The redback bites you!
* * * LOW HITPOINT WARNING * * *
You are more poisoned.
The redback poisons you!
You hit the redback.
The redback is heavily wounded.
* * * LOW HITPOINT WARNING * * *
You feel very sick. The redback bites you.
* * * LOW HITPOINT WARNING * * *
You hit the redback but do no damage.
The redback is heavily wounded.
* * * LOW HITPOINT WARNING * * *
You feel very sick. The redback bites you!
You die...

### __# ._# )##
..# ..# #'#
..#+##############
..#....#.#.#.....#
..##.#..#.##.###@#
..'##.#.#.##)#.s##
..#.).#..#..##..
▓▓▓▓▓▓▓▓▓▓▓▓▓▓▓▓


You could see a redback.

Vanquished Creatures
  A deep elf mage (D)
  A shadow (D)
  2 hill giants (D)
  A necrophage (D)
  3 two-headed ogres (D)
  A water elemental (D)
  A wizard (D)
  A jelly (D)
  A necromancer (D)
  A wolf (D)
  3 humans (D)
  A kobold demonologist (D)
  An ooze (D)
  3 rats (D)
21 creatures vanquished.

Vanquished Creatures (others)
  2 draconian scorchers (D)
  2 yaktaurs (D)
4 creatures vanquished.

Grand Total: 25 creatures vanquished

Notes
Turn   | Place    | Note
--------------------------------------------------------------
     0 | D        | sorlin the Ogre Gladiator began the quest for the Orb.
     0 | D        | Reached XP level 1. HP: 22/22 MP: 1/1
    20 | D        | Reached skill level 6 in Maces & Flails
    58 | D        | Reached XP level 2. HP: 26/29 MP: 2/2
    80 | D        | Reached skill level 8 in Maces & Flails
    80 | D        | Reached XP level 3. HP: 23/36 MP: 3/3
   176 | D        | Killed a white draconian scorcher
   190 | D        | Reached skill level 9 in Maces & Flails
   203 | D        | Killed a white draconian scorcher
   261 | D        | Killed a yaktaur
   316 | D        | Noticed a water elemental
   324 | D        | Killed a water elemental
   324 | D        | Reached skill level 12 in Maces & Flails
   324 | D        | Reached XP level 4. HP: 19/44 MP: 4/4
   530 | D        | Found an iron altar of Okawaru.
   530 | D        | Found a bloodstained altar of Trog.
   530 | D        | Noticed a human
   530 | D        | Noticed a human
   540 | D        | Killed a human
   540 | D        | Reached skill level 15 in Maces & Flails
   540 | D        | Reached XP level 5. HP: 50/50 MP: 5/5
   540 | D        | Reached XP level 6. HP: 59/59 MP: 6/6
   549 | D        | Killed a human
   558 | D        | Became a worshipper of Warmaster Okawaru
   595 | D        | Found a snail-covered altar of Cheibriados.
   595 | D        | Noticed a necrophage
   599 | D        | Killed a necrophage
   599 | D        | Reached skill level 5 in Dodging
   599 | D        | Reached skill level 1 in Invocations
   599 | D        | Reached XP level 7. HP: 61/78 MP: 6/8
   605 | D        | Found a basalt altar of Yredelemnul.
   605 | D        | Found a blossoming altar of Fedhas.
   748 | D        | Noticed a shadow
   758 | D        | Killed a shadow
   758 | D        | Reached * piety under Okawaru
   758 | D        | Reached skill level 16 in Maces & Flails
   898 | D        | Found an oddly glowing altar of Pakellas.
   898 | D        | Found a stormy altar of Qazlal.
   898 | D        | Found a sacrificial altar of Ru.
   898 | D        | Found a burning altar of Makhleb.
   898 | D        | Found a shimmering altar of Xom.
   899 | D        | Found a viscous altar of Jiyva.
   899 | D        | Found a shadowy altar of Dithmenos.
   899 | D        | Found a sparkling altar of Nemelex Xobeh.
   899 | D        | Found a corrupted altar of Lugonu.
   899 | D        | Found an opulent altar of Gozag.
   899 | D        | Noticed a spatial vortex
   914 | D        | Found a glowing silver altar of Zin.
   915 | D        | Found a glowing golden altar of the Shining One.
   915 | D        | Found a white marble altar of Elyvilon.
   915 | D        | Noticed a deep elf mage
   918 | D        | Noticed a fire elemental
   929 | D        | Killed a deep elf mage
   929 | D        | Reached ** piety under Okawaru
   929 | D        | Reached skill level 10 in Fighting
   929 | D        | Reached XP level 8. HP: 44/96 MP: 7/9
  1088 | D        | Killed a yaktaur
  1133 | D        | Found a radiant altar of Vehumet.
  1134 | D        | Found a deep blue altar of Sif Muna.
  1134 | D        | Found an ancient bone altar of Kikubaaqudgha.
  1137 | D        | Noticed a smoke demon
  1153 | D        | Learned a level 1 spell: Corona
  1190 | D        | Reached skill level 1 in Hexes
  1218 | D        | Noticed Erolcha
  1223 | D        | Noticed a redback
  1233 | D        | HP: 3/98 [poisoned by a redback]
  1233 | D        | Slain by a redback

Vault maps used:
D:        dungeon_sprint_mu

Action                   |  1- 3 |  4- 6 |  7- 9 || total
-------------------------+-------+-------+-------++-------
Melee: Flail             |    29 |    18 |    52 ||    99
       Giant spiked club |       |       |    12 ||    12
Throw: Throwing net      |     4 |     2 |     1 ||     7
Invok: Heroism           |       |       |     5 ||     5
  Use: Potion            |     1 |     1 |     2 ||     4
 Stab: Sleeping          |     1 |       |       ||     1
       Held in net/web   |     2 |     3 |       ||     5
  Eat: Chunk             |       |       |     2 ||     2
